 Dungeon Crawl Stone Soup version 0.19-b1-5-gdc9fa9d (webtiles) character file.

35 lorenzova the Sneak (level 3, -1/16 HPs)
             Began as a Spriggan Enchanter on Oct 31, 2016.
             Slain by a worm (6 damage)
             ... on level 2 of the Dungeon.
             The game lasted 00:02:07 (1343 turns).

lorenzova the Sneak (Spriggan Enchanter)            Turns: 1343, Time: 00:02:08

Health: -1/16      AC:  3    Str:  4    XL:     3   Next: 16%
Magic:  3/8        EV: 18    Int: 16    God:
Gold:   89         SH:  0    Dex: 17    Spells: 3 memorised, 2 levels left

rFire  . . .     SeeInvis +     a - +1 dagger
rCold  . . .     Gourm    .     b - +1 robe
rNeg   . . .     Faith    .     (shield restricted)
rPois  .         Spirit   .     (helmet restricted)
rElec  .         Reflect  .     (no cloak)
rCorr  .         Harm     .     (gloves unavailable)
MR     .....                    (boots unavailable)
Stlth  +++.......               (no amulet)
                                (no ring)
                                (no ring)

@: very quick
A: unfitting armour, see invisible, herbivore 3, speed 3, slow metabolism 2
a: no special abilities


You were on level 2 of the Dungeon.
You were not hungry.

You visited 1 branch of the dungeon, and saw 2 of its levels.

You collected 89 gold pieces.

Inventory:

Hand Weapons
 a - a +1 dagger (weapon)
Armour
 b - a +1 robe (worn)
Scrolls
 e - 2 scrolls of amnesia {unknown}
 h - a scroll of identify {unknown}
 j - a scroll of fog {unknown}
 k - a scroll of fear {unknown}
 l - a scroll of recharging {unknown}
Potions
 g - a potion of heal wounds {unknown}
Books
 c - a book of Maledictions

   Spells                             Type                      Level
   a - Corona                         Hexes                        1
   b - Ensorcelled Hibernation        Hexes/Ice                    2
   c - Confuse                        Hexes                        3
   d - Tukima's Dance                 Hexes                        3
   e - Dazzling Spray                 Conjuration/Hexes            3
Comestibles
 d - 2 bread rations
 f - 3 fruits
 i - a slice of pizza


   Skills:
 - Level 1.1 Short Blades
 - Level 3.0 Dodging
 + Level 5.0 Stealth
 + Level 3.4 Spellcasting
 + Level 4.3 Hexes


You had 2 spell levels left.
You knew the following spells:

 Your Spells              Type           Power        Failure   Level  Hunger
a - Corona                Hex            ###....      3%          1    None
b - Ensorcelled Hibernat  Hex/Ice        #.....       12%         2    ##.....
c - Confuse               Hex            ###.....     12%         3    ###....


Dungeon Overview and Level Annotations

Branches:
Dungeon (2/15)

Altars:

Annotations:
D:2 Robin


Innate Abilities, Weirdness & Mutations

You are very small and have problems with some larger weapons.
You are too small for most types of armour.
You have supernaturally acute eyesight. (SInv)
You are a herbivore.
You cover ground extremely quickly.
You need consume almost no food.


Message History

The goblin is severely wounded.
The goblin hits you with a dagger.
You closely miss the goblin.
The goblin is severely wounded.
The goblin hits you with a dagger.
You hit the goblin.
You kill the goblin!
You closely miss the frilled lizard. The frilled lizard bites you.
You hit the frilled lizard.
You kill the frilled lizard!
Your Stealth skill increases to level 5!
You hit the frilled lizard.
You kill the frilled lizard!
Casting: Confuse
Confirm with . or Enter, or press ? or * to list all spells.
Aiming: Ensorcelled Hibernation
Press: ? - help, Shift-Dir - straight line, f - worm
Aim: a worm (chance to defeat MR: 50%)
The worm resists with some effort.
The worm bites you.
You die...

#... #...
###...#
.......
.......
.......#####
...........#
.......#w#.#
.......#@#
.l#...##.# w
#... #.#
#### #.#
####.#
#.)..#
#.#### #)#
.# #.# .#


You could see a worm.

Vanquished Creatures
  An adder (D:2)
  2 leopard geckos (D:1)
  2 giant cockroaches (D:1)
  8 goblins
  3 hobgoblins
  2 bats (D:1)
  2 frilled lizards (D:2)
20 creatures vanquished.

Notes
Turn   | Place    | Note
-------+----------+-------------------------------------------
     0 | D:1      | lorenzova the Spriggan Enchanter began the quest for the Orb.
     0 | D:1      | Reached XP level 1. HP: 9/9 MP: 5/5
   800 | D:1      | Reached XP level 2. HP: 9/13 MP: 7/7
   808 | D:1      | Learned a level 2 spell: Ensorcelled Hibernation
  1241 | D:2      | Reached XP level 3. HP: 16/16 MP: 1/8
  1301 | D:2      | Learned a level 3 spell: Confuse
  1309 | D:2      | Noticed Robin
  1341 | D:2      | Reached skill level 5 in Stealth
  1343 | D:2      | Slain by a worm

Skill      XL: |  1  2  3 |
---------------+----------+-----
Spellcasting   | 3 |  3.4
Hexes          | 4 |  4.3
Stealth        | 5 |  5.0
Short Blades   | |  1.1
Dodging        | |  3.0

Action                   || total
-------------------------++-------
Melee: Dagger            ||    93
 Cast: Corona            ||     1
       Ensorcelled Hiber ||     5
       Confuse           ||     2
 Stab: Sleeping          ||     5
Armor: Robe              ||    10
Dodge: Dodged            ||    69
